 Dungeon Crawl Stone Soup version 0.18-a0-1721-gc4d1f22 (webtiles) character file.

8 Galixin the Grasshopper (level 2, 24/25 HPs)
             Began as a Ghoul Warper on Apr 9, 2016.
             Quit the game on level 1 of the Dungeon.
             The game lasted 00:03:46 (136 turns).

Galixin the Grasshopper (Ghoul Warper)               Turns: 136, Time: 00:03:47

Health: 24/25      AC:  3    Str: 14    XL:     2   Next: 8%
Magic:  3/3        EV: 11    Int:  8    God:
Gold:   4          SH:  0    Dex:  8    Spells: 1 memorised, 3 levels left

rFire  . . .     SeeInvis .     a - +0 short sword
rCold  + . .     Gourm    .     b - +0 leather armour
rNeg   + + +     Faith    .     (no shield)
rPois  ∞         Spirit   .     (no helmet)
rElec  .         Dismiss  .     (no cloak)
rCorr  .         Reflect  .     (no gloves)
SustAt .         Harm     .     (no boots)
MR     .....                    (no amulet)
Stlth  +.........               (no ring)
                                (no ring)

@: rotting, not resistant to hostile enchantments, very unstealthy
A: rotting body, claws 1, carnivore 3, cold resistance 1, negative energy
resistance 3, slow regeneration 1, torment resistance, unbreathing
a: no special abilities


You were on level 1 of the Dungeon.
You were not hungry.

You visited 1 branch of the dungeon, and saw 1 of its levels.

You collected 4 gold pieces.

Inventory:

Hand Weapons
 a - a +0 short sword (weapon)
Missiles
 e - a tomahawk of dispersal
 g - 23 stones (quivered)
Armour
 b - a +0 leather armour (worn)
Scrolls
 d - a scroll of blinking
Books
 c - a book of Spatial Translocations

   Spells                             Type                      Level
   a - Apportation                    Translocation                1
   b - Blink                          Translocation                2
   c - Shroud of Golubria             Charms/Translocation         2
   d - Portal Projectile              Translocation                3
   e - Teleport Other                 Translocation                3
   f - Passage of Golubria            Translocation                4
Miscellaneous
 i - a plain deck of defence {drawn: 1}
Comestibles
 f - a meat ration
 h - 2 chunks of flesh


   Skills:
 + Level 2.3 Fighting
 * Level 1.9 Short Blades
 + Level 0.8 Throwing
 + Level 0.8 Armour
 + Level 2.0 Dodging
 + Level 1.9 Spellcasting
 + Level 2.8 Translocations


You had 3 spell levels left.
You knew the following spells:

 Your Spells              Type           Power        Failure   Level  Hunger
a - Apportation           Tloc           #.........   17%         1    ##.....


Dungeon Overview and Level Annotations

Branches:
Dungeon (1/15)

Altars:
Nemelex Xobeh


Innate Abilities, Weirdness & Mutations

Your body is rotting away.
You thrive on raw meat.
You are immune to poison.
You have sharp fingernails.
You are carnivorous and can eat meat at any time.
Your flesh is cold resistant.
You are immune to negative energy.
You regenerate slowly when monsters are visible.
You are immune to unholy pain and torment.
You can survive without breathing.


Message History

The giant cockroach barely misses you.
The giant cockroach bites you but does no damage.
You hit the giant cockroach.
The giant cockroach is severely wounded.
The giant cockroach bites you but does no damage.
You hit the giant cockroach but do no damage.
The giant cockroach is severely wounded.
The giant cockroach barely misses you.
You hit the giant cockroach.
You kill the giant cockroach!
You see here a giant cockroach corpse.
You butcher the giant cockroach corpse.
h - 2 chunks of flesh
There is a sparkling altar of Nemelex Xobeh here.
You see here a plain deck of cards.
i - a plain deck of cards You draw a card...
It is the Cloud.
Nothing appears to happen.
There is a sparkling altar of Nemelex Xobeh here.
Unknown command.
Are you sure you want to abandon this character and quit the game? (Confirm with "yes".)

### ..# #########. ..#
#......... ..# #.........
#.# #...>..... #.######
######.........
#...)..####..............
#.####......###.@........
#.# #...#### #....####..
#.####..... ####.#
#...###..### .#
###..###.. ..
#.....###.## .#. #......#
..### ...# #......###...
# #.......##.####


There were no monsters in sight!

Vanquished Creatures
  2 bats (D:1)
  A giant cockroach (D:1)
  A hobgoblin (D:1)
  2 kobolds (D:1)
  2 rats (D:1)
8 creatures vanquished.

Notes
Turn   | Place    | Note
--------------------------------------------------------------
     0 | D:1      | Galixin the Ghoul Warper began the quest for the Orb.
     0 | D:1      | Reached XP level 1. HP: 17/17 MP: 2/2
    97 | D:1      | Reached XP level 2. HP: 21/24 MP: 1/3
   111 | D:1      | Found a sparkling altar of Nemelex Xobeh.
   136 | D:1      | Quit the game

Vault maps used:
D:1:      eino_arrival_cavern_e, nemelex_deck

Skill      XL: |  1 |
---------------+----+-----
Dodging        | 2 |  2.0
Fighting       | |  2.3
Short Blades   | |  1.9
Throwing       | |  0.8
Armour         | |  0.8
Spellcasting   | |  1.9
Translocations | |  2.8

Action                   || total
-------------------------++-------
Melee: Short sword       ||    25
Throw: Tomahawk          ||     4
       Stone             ||     3
 Cast: Apportation       ||     2
Evoke: Deck              ||     1
